AoeStats
← Fluvialgeomorphologist

Hideout

503327688Analyzed
4v4 RM · 1mo ago on Aug 31, 2026· 33m 47s· 8 players
Game mode
Random Map
Map size
Large (8 player)
Population
200
Speed
Normal
Resources
Standard
Victory
Conquest
Starting age
Dark Age
Ending age
Imperial Age
RankedLock teamsTeams togetherTeam positionsShared explorationLock speedFull tech treeHidden civsTurbo modeCheats
Victory
Defeat
🇨🇳 Mongols · China
944
+12
🇺🇸 Malians · United States
930
+13
🇵🇪 Turks · Peru
885
+15
🇦🇷 Celts · Argentina
879
+15
🇨🇴 Byzantines · Colombia
921
-48
🇨🇴 Khmer · Colombia
921
-48
🇨🇴 Burgundians · Colombia
921
-48
🇨🇴 Magyars · Colombia
677
-7
Fluvialgeomorphologist
11:25 Feudal Age
9:41 Loom
15:33 Castle Age
13:40 Stone Mining
14:25 Double-Bit Axe
15:25 Horse Collar
23:35 Wheelbarrow
24:37 Bow Saw
28:50 Imperial Age
27:13 Gold Mining
28:02 Husbandry
28:12 Bloodlines
28:16 Forging
28:12 Scale Barding Armor
29:22 Hand Cart
28:32 Light Cavalry
30:50 Conscription
32:40 Gold Shaft Mining
33:57 Iron Casting
33:43 Chain Barding Armor
alavin alaban
9:08 Loom
15:13 Feudal Age
16:09 Double-Bit Axe
16:06 Horse Collar
19:02 Castle Age
22:13 Gold Mining
22:16 Stone Mining
22:53 Fletching
29:36 Wheelbarrow
28:47 Town Watch
29:55 Scale Barding Armor
29:58 Town Watch
34:34 Imperial Age
33:48 Hand Cart
33:59 Bodkin Arrow
34:05 Padded Archer Armor
76561198262937210
10:39 Feudal Age
9:38 Loom
12:40 Horse Collar
15:20 Castle Age
20:24 Gold Mining
29:48 Scale Barding Armor
29:53 Forging
32:31 Husbandry
32:42 Bloodlines
31:53 Light Cavalry
33:11 Double-Bit Axe
33:29 Heavy Plow
34:24 Gold Shaft Mining
33:41 Stone Mining
b3rm3
6:40 Loom
9:06 Feudal Age
12:07 Double-Bit Axe
14:09 Wheelbarrow
13:27 Horse Collar
19:58 Castle Age
19:28 Forging
19:19 Scale Mail Armor
21:24 Pikeman
22:27 Hand Cart
27:54 Stone Mining
kevinrrea
13:06 Feudal Age
14:48 Double-Bit Axe
15:41 Wheelbarrow
14:48 Horse Collar
19:49 Gold Mining
xzibit.
14:48 Feudal Age
26:58 Castle Age
Hexagon1315
15:52 Feudal Age
19:07 Horse Collar
19:17 Loom
20:08 Wheelbarrow
26:37 Hand Cart
26:10 Man-at-Arms
31:15 Castle Age
32:25 Pikeman
32:26 Long Swordsman
Facundo Cabral
11:24 Feudal Age
11:58 Double-Bit Axe
12:45 Horse Collar
12:52 Man-at-Arms
14:28 Wheelbarrow
16:25 Stone Mining
32:30 Castle Age
Connection lost

Rejoining the realm…

Still unreachable

The connection could not be restored.

Session expired

The server has moved on; the page needs a fresh start.